 Dungeon Crawl Stone Soup version 0.26-a0-79-g47e9afc (webtiles) character file.

Game seed: 7337157279123425438

85549 thirtiethelement the Blocker (level 15, -8/120 HPs)
             Began as a Gnoll Fighter on June 16, 2020.
             Was a High Priest of Qazlal.
             Killed from afar by a thorn hunter (26 damage)
             ... with a volley of thorns
             ... on level 2 of the Swamp.
             The game lasted 01:08:42 (22107 turns).

thirtiethelement the Blocker (Gnoll Fighter)       Turns: 22107, Time: 01:08:43

Health: -8/120     AC: 25    Str: 32    XL:     15   Next: 84%
Magic:  19/29      EV: 17    Int:  8    God:    Qazlal [*****.]
Gold:   1709       SH: 21    Dex: 21    Spells: 32/34 levels left

rFire    . . .     SeeInvis .   H - +3 war axe (flame)
rCold    . . .     Gourm    .   c - +0 kite shield
rNeg     . . .     Faith    .   R - +6 chain mail of Haunted Lucidity {Dex+4}
rPois    .         Spirit   .   S - +0 hat {MR+}
rElec    .         Reflect  .   (no cloak)
rCorr    +         Harm     .   X - +0 pair of fencer's gloves {Riposte Dex+3}
MR       ++...                  m - +1 pair of boots
Stlth    +.........             Z - amulet of the acrobat
HPRegen  0.30/turn              n - +6 ring of strength
MPRegen  0.21/turn              A - ring of resist corrosion

@: protected from physical damage, very slightly contaminated, repel missiles
A: distributed training, fangs 1, horns 1, dopey 1, wild magic 1, strong nose
a: Upheaval, Elemental Force, Disaster Area, Renounce Religion


You were on level 2 of the Swamp.
You worshipped Qazlal.
Qazlal was extremely pleased with you.
You were hungry.

You visited 5 branches of the dungeon, and saw 22 of its levels.
You also visited: Ossuary, Gauntlet and Ice Cave.

You collected 2395 gold pieces.
You spent 686 gold pieces at shops.

Inventory:

Hand Weapons
 H - a +3 war axe of flaming (weapon)
 N - a +2 executioner's axe of flaming
 O - the +4 morningstar of Hachuwon {holy, Int+4 Dex+3}
   (You found it in an ice cave)

   It has been blessed by the Shining One to cause great damage to the undead
   and demons.
   It affects your intelligence (+4).
   It affects your dexterity (+3).
Missiles
 z - 54 boomerangs (quivered)
Armour
 a - a +3 scale mail of poison resistance
 c - a +0 kite shield (worn)
 m - a +1 pair of boots (worn)
 Q - a +2 crystal plate armour of cold resistance
 R - the +6 chain mail of Haunted Lucidity (worn) {Dex+4}
   (You found it on level 3 of the Lair of Beasts)

   It affects your dexterity (+4).
 S - a +0 hat of magic resistance (worn)
 X - the +0 pair of fencer's gloves (worn) {Riposte Dex+3}
   (You found it in a Gauntlet)

   It affects your dexterity (+3).
Jewellery
 k - an uncursed ring of magical power
 n - a +6 ring of strength (left hand)
 y - a +6 ring of dexterity
 A - a ring of resist corrosion (right hand)
 L - an uncursed ring of protection from magic
 Z - an amulet of the acrobat (around neck)
Wands
 h - a wand of acid (9)
 w - a wand of iceblast (43)
 C - a wand of random effects (56)
 J - a wand of flame (29)
 T - a wand of paralysis (15)
 U - a wand of polymorph (11)
Scrolls
 o - 2 scrolls of blinking
 t - 2 scrolls of fog
 v - 9 scrolls of remove curse
 x - 7 scrolls of teleportation
 F - 2 scrolls of fear
 K - 5 scrolls of amnesia
 V - 2 scrolls of enchant weapon
 W - a scroll of identify
Potions
 d - 13 potions of might
 g - a potion of invisibility
 i - a potion of ambrosia
 j - 4 potions of haste
 l - 4 potions of stabbing
 p - 10 potions of curing
 q - 3 potions of cancellation
 r - a potion of magic
 s - 4 potions of berserk rage
 u - 4 potions of flight
 E - 6 potions of brilliance
 G - 2 potions of resistance
 P - 2 potions of heal wounds
Miscellaneous
 I - a phial of floods
Comestibles
 f - 25 rations


   Skills:
 + Level 11.9 Fighting
 + Level 10.2 Short Blades
 + Level 10.2 Long Blades
 + Level 11.1 Axes
 + Level 10.2 Maces & Flails
 + Level 10.2 Polearms
 + Level 10.2 Staves
 + Level 10.2 Slings
 + Level 10.2 Bows
 + Level 10.2 Crossbows
 + Level 10.2 Throwing
 + Level 11.9 Armour
 + Level 10.2 Dodging
 + Level 10.2 Stealth
 + Level 11.9 Shields
 + Level 10.2 Unarmed Combat
 + Level 10.2 Spellcasting
 + Level 8.6 Conjurations
 + Level 8.6 Hexes
 + Level 8.6 Charms
 + Level 8.6 Summonings
 + Level 8.6 Necromancy
 + Level 8.6 Translocations
 + Level 8.6 Transmutations
 + Level 8.6 Fire Magic
 + Level 8.6 Ice Magic
 + Level 8.6 Air Magic
 + Level 8.6 Earth Magic
 + Level 8.6 Poison Magic
 + Level 11.0 Invocations
 + Level 10.2 Evocations


You had 32 spell levels left.
You knew the following spells:

 Your Spells              Type           Power        Failure   Level  Hunger
a - Searing Ray           Conj           ###...       5%          2    #......

Your spell library contained the following spells:

 Spells                   Type           Power        Failure   Level  Hunger
 Animate Skeleton         Necr           N/A          4%          1    None
 Apportation              Tloc           ###...       4%          1    None
 Freeze                   Ice            ###.         4%          1    None
 Infusion                 Chrm           ###.         4%          1    None
 Magic Dart               Conj           ###.         4%          1    None
 Pain                     Necr           ###.         4%          1    None
 Summon Butterflies       Summ           ###.....     4%          1    None
 Summon Small Mammal      Summ           ###.         4%          1    None
 Blink                    Tloc           N/A          5%          2    #......
 Call Imp                 Summ           ###.....     5%          2    #......
 Shroud of Golubria       Chrm/Tloc      ###...       5%          2    #......
 Slow                     Hex            ###.....     5%          2    #......
 Song of Slaying          Chrm           ###.....     5%          2    #......
 Call Canine Familiar     Summ           ###.....     11%         3    ###....
 Confusing Touch          Hex            ###.....     11%         3    ###....
 Conjure Flame            Conj/Fire      ###.....     11%         3    ###....
 Dazzling Flash           Conj/Hex       ###...       11%         3    ###....
 Frozen Ramparts          Ice            ###...       11%         3    ###....
 Gell's Gravitas          Tloc           ###.......   11%         3    ###....
 Lesser Beckoning         Tloc           ###.......   11%         3    ###....
 Mephitic Cloud           Conj/Pois/Air  ###.....     11%         3    ###....
 Ozocubu's Armour         Chrm/Ice       ###.....     11%         3    ###....
 Spectral Weapon          Hex/Chrm       ###.....     11%         3    ###....
 Stone Arrow              Conj/Erth      ###...       11%         3    ###....
 Summon Guardian Golem    Hex/Summ       ###.....     11%         3    ###....
 Tukima's Dance           Hex            ###.....     11%         3    ###....
 Vampiric Draining        Necr           ###.......   11%         3    ###....
 Animate Dead             Necr           N/A          30%         4    ####...
 Fulminant Prism          Conj/Hex       ###.......   30%         4    ####...
 Hailstorm                Conj/Ice       ###.....     30%         4    ####...
 Iskenderun's Mystic Bla  Conj/Tloc      ###.....     30%         4    ####...
 Petrify                  Tmut/Erth      ###.....     30%         4    ####...
 Summon Ice Beast         Ice/Summ       ###.....     30%         4    ####...
 Summon Lightning Spire   Summ/Air       ###.....     30%         4    ####...
 Agony                    Necr           ###.....     61%         5    ######.
 Alistair's Intoxication  Tmut/Pois      ###.....     61%         5    ######.
 Metabolic Englaciation   Hex/Ice        ###.......   61%         5    ######.
 Yara's Violent Unravell  Hex/Tmut       ###.......   61%         5    ######.
 Invisibility             Hex            ###.....     99%         6    #######
 Disjunction              Tloc           ###.......   100%        8    #######


Dungeon Overview and Level Annotations

Branches:
Dungeon (11/15)            Temple (1/1) D:5            Lair (6/6) D:10
  Swamp (2/4) Lair:3        Snake (0/4) Lair:3        Slime (0/5) Lair:5
    Orc (2/2) D:10            Elf (0/3) Orc:2       Ossuary (visited)
  IceCv (visited)         Gauntlet (visited)

Altars:
Ashenzari
Cheibriados
Dithmenos
Elyvilon
Fedhas
Gozag
Hepliaklqana
Kikubaaqudgha
Makhleb
Nemelex Xobeh
Okawaru
Qazlal
Ru
Sif Muna
Trog
Uskayaw
Vehumet
Wu Jian
Xom
Yredelemnul
Zin
The Shining One
Beogh
Jiyva

Shops:
D:11 (   Orc:2 (*!!

Portals:
Hell: Lair:6


Innate Abilities, Weirdness & Mutations

Your experience applies equally to all skills.
You have very sharp teeth.
Your uncanny sense of smell can sniff out nearby items.
You have a pair of small horns on your head.
You are dopey. (Int -2)
Your spells are a little harder to cast, but a little more powerful.


Message History

You kill the spiny frog!
Qazlal accepts your kill.
Your life force feels restored.
The blast of magma engulfs the tyrant leech!
You kill the tyrant leech!
Qazlal accepts your kill.
The blast of magma engulfs the slime creature!
You kill the slime creature!
Qazlal accepts your kill.
You hear a chilling moan.
You hear a shout!
The briar patch is engulfed in a cloud of scalding steam.
You slash the slime creature! You burn the slime creature!
The slime creature is severely wounded.
The briar patch is engulfed in a cloud of scalding steam.
You destroy the briar patch!
The briar patch is engulfed in a cloud of scalding steam.
The slime creature barely misses you.
The thorn hunter fires a volley of thorns at you.
The volley of thorns hits you!!
You die...

♣♣.?≈.♣ ♣{.≈..≈≈≈≈
..§§≈..♣♣††...≈≈≈≈≈
≈.≈≈!§≈†..○≈♣≈§≈≈≈≈
≈≈≈PP?..§§≈f..≈≈≈§.
≈≈≈P§§..≈§§....≈≈.
≈≈^≈P..i≈§.....≈≈♣
≈.§♣♣§$≈≈§≈§○§♣≈.
≈. ♣PPP..J≈.♣♣ ≈
≈...PPP....@♣♣
.≈.≈.≈≈..☼..♣
♣♣§≈≈≈...♣♣♣♣
♣≈.≈≈≈.♣♣♣ ♣...≈.≈
♣♣♣≈♣≈≈ ♣♣♣.≈


You could see a thorn hunter, a slime creature and a spriggan.

Vanquished Creatures
  Gastronok (Lair:3)
  An orc warlord (Orc:2)
  A reaper (IceCv)
  A minotaur (Gauntlet)
  Harold (D:8)
  A ghost crab (Swamp:2)
  5 hydras
  3 two-headed ogres
  Erica (D:10)
  6 alligators (Swamp:1)
  2 death scarabs (Gauntlet)
  9 death yaks
  Urug (D:10)
  5 orc high priests (Orc:2)
  A sun demon (Lair:6)
  2 unseen horrors (D:11)
  A swamp dragon (Swamp:1)
  3 wizards
  3 orc knights (Orc:2)
  An ugly thing (D:11)
  An orc sorcerer (Orc:1)
  2 manticores (D:11)
  2 cyclopes
  22 elephants
  3 oklob plants (Lair:3)
  A black mamba (Lair:6)
  An orange demon (Lair:6)
  A smoke demon (Lair:6)
  3 torpor snails
  3 ice statues
  18 spiny frogs
  5 komodo dragons
  Maggie (Lair:1)
  7 rime drakes
  A minotaur zombie (Gauntlet)
  3 trolls
  A polar bear (Lair:2)
  3 red devils (Lair:6)
  12 ice devils
  2 hornets
  4 tyrant leeches
  4 hippogriffs
  4 dream sheep (Lair:5)
  2 bog bodies
  2 spectral black mambas (Gauntlet)
  5 slime creatures
  19 blink frogs
  Sigmund (D:4)
  4 shadows
  26 yaks
  6 wyverns
  2 hungry ghosts
  A basilisk (Lair:3)
  9 vampire mosquitoes
  A spectral spiny frog (Gauntlet)
  2 swamp worms (Swamp:1)
  2 nagas (Lair:3)
  5 wargs
  5 hell hounds (Lair:6)
  5 porcupines
  9 water moccasins
  2 swamp drakes (Swamp:1)
  34 orc warriors
  A sky beast (D:8)
  3 black bears
  2 necrophages (D:11)
  2 phantoms
  The ghost of YayAnonymity the Slasher, an amateur DrGl (D:3)
  An eye of draining (D:8)
  3 centaurs
  15 crocodiles
  8 wolves (Lair:2)
  4 ogres
  2 big kobolds
  Blork the orc (D:6)
  10 bullfrogs
  A gnoll sergeant (D:8)
  2 water moccasin zombies
  3 scorpions
  2 water moccasin skeletons
  An oklob sapling (D:5)
  An electric eel (Lair:3)
  4 wights (D:8)
  A howler monkey (D:5)
  3 crimson imps
  A centaur zombie (D:7)
  7 hounds
  A quasit (D:9)
  5 jellies
  31 orc priests
  A centaur skeleton (D:6)
  2 bullfrog skeletons
  17 orc wizards
  2 hell rats
  2 worker ants
  A big kobold zombie (Ossuary)
  A hound zombie (D:11)
  2 mummies (Ossuary)
  A worker ant zombie (D:7)
  9 gnolls
  11 adders
  2 river rats (D:10)
  6 shadow imps
  10 white imps
  5 ufetubi (IceCv)
  7 oozes
  3 adder skeletons
  9 adder zombies
  4 worms
  A dart slug (D:1)
  8 leopard geckos
  64 orcs
  A ball python (D:2)
  4 giant cockroaches
  13 hobgoblins
  4 jackals (D:5)
  6 quokkas
  13 bats
  5 frilled lizards
  A gnoll zombie (Ossuary)
  11 goblins
  4 hobgoblin zombies (Ossuary)
  13 kobolds
  5 kobold zombies (Ossuary)
  5 orc zombies (Ossuary)
  A quokka skeleton (D:9)
  A quokka zombie (D:6)
  4 rats
  14 briar patches (Swamp:2)
  2 fungi
  6 plants
692 creatures vanquished.

Vanquished Creatures (collateral kills)
  2 death yaks (D:10)
  An oklob plant (Lair:3)
  2 elephants (Lair:4)
  An orc (D:10)
  2 plants (Lair:3)
8 creatures vanquished.

Vanquished Creatures (others)
  A hornet (Swamp:2)
  4 white imps (IceCv)
  4 ufetubi (IceCv)
  2 fungi
  4 plants
15 creatures vanquished.

Grand Total: 715 creatures vanquished

Notes
Turn   | Place    | Note
-------+----------+-------------------------------------------
     0 | D:1      | thirtiethelement the Gnoll Fighter began the quest for the
                  | Orb.
     0 | D:1      | Reached XP level 1. HP: 23/23 MP: 1/1
   178 | D:1      | Reached XP level 2. HP: 28/29 MP: 2/2
   670 | D:1      | Reached XP level 3. HP: 35/35 MP: 3/3
   808 | D:2      | Reached skill level 1 in Invocations
  1088 | D:2      | Reached skill level 1 in Short Blades
  1088 | D:2      | Reached skill level 1 in Long Blades
  1088 | D:2      | Reached skill level 1 in Maces & Flails
  1088 | D:2      | Reached skill level 1 in Polearms
  1088 | D:2      | Reached skill level 1 in Staves
  1088 | D:2      | Reached skill level 1 in Slings
  1088 | D:2      | Reached skill level 1 in Bows
  1088 | D:2      | Reached skill level 1 in Crossbows
  1088 | D:2      | Reached skill level 1 in Throwing
  1088 | D:2      | Reached skill level 1 in Dodging
  1088 | D:2      | Reached skill level 1 in Stealth
  1088 | D:2      | Reached skill level 1 in Unarmed Combat
  1088 | D:2      | Reached skill level 1 in Spellcasting
  1088 | D:2      | Reached skill level 1 in Evocations
  1189 | D:2      | Reached XP level 4. HP: 40/41 MP: 5/5
  1628 | D:3      | Found a runed translucent door.
  1629 | D:3      | Noticed YayAnonymity's ghost (amateur DrGl)
  1648 | D:3      | Reached skill level 1 in Conjurations
  1648 | D:3      | Reached skill level 1 in Hexes
  1648 | D:3      | Reached skill level 1 in Charms
  1648 | D:3      | Reached skill level 1 in Summonings
  1648 | D:3      | Reached skill level 1 in Necromancy
  1648 | D:3      | Reached skill level 1 in Translocations
  1648 | D:3      | Reached skill level 1 in Transmutations
  1648 | D:3      | Reached skill level 1 in Fire Magic
  1648 | D:3      | Reached skill level 1 in Ice Magic
  1648 | D:3      | Reached skill level 1 in Air Magic
  1648 | D:3      | Reached skill level 1 in Earth Magic
  1648 | D:3      | Reached skill level 1 in Poison Magic
  1648 | D:3      | Reached XP level 5. HP: 26/47 MP: 6/6
  2004 | D:3      | Found a blossoming altar of Fedhas.
  2176 | D:3      | Found a hazy altar of Hepliaklqana.
  2411 | D:3      | Killed YayAnonymity's ghost
  2411 | D:3      | Reached XP level 6. HP: 40/53 MP: 8/8
  2574 | D:4      | Noticed Sigmund
  2574 | D:4      | Noticed a phantom
  2579 | D:4      | Killed Sigmund
  2579 | D:4      | Reached skill level 5 in Axes
  2579 | D:4      | Reached XP level 7. HP: 59/59 MP: 10/10
  2989 | D:4      | Found a sparkling altar of Nemelex Xobeh.
  3017 | D:5      | Entered Level 5 of the Dungeon
  3618 | D:5      | Found a staircase to the Ecumenical Temple.
  3651 | D:5      | Reached XP level 8. HP: 32/67 MP: 12/12
  3654 | Temple   | Entered the Ecumenical Temple
  4018 | Temple   | Became a worshipper of Qazlal Stormbringer
  4435 | D:6      | Noticed Blork the orc
  4453 | D:6      | Killed Blork the orc
  4620 | D:6      | Found a radiant altar of Vehumet.
  5304 | D:7      | Found an opulent altar of Gozag.
  5319 | D:7      | Found a glowing silver altar of Zin.
  5338 | D:7      | Found a white marble altar of Elyvilon.
  5389 | D:7      | Found a bloodstained altar of Trog.
  5440 | D:7      | Reached * piety under Qazlal
  5699 | D:7      | Found a sand-covered staircase.
  5706 | Ossuary  | Entered an ossuary
  5751 | Ossuary  | Reached XP level 9. HP: 72/72 MP: 14/14
  6127 | D:8      | Reached ** piety under Qazlal
  6411 | D:8      | Found a snail-covered altar of Cheibriados.
  6465 | D:8      | Noticed Harold
  6487 | D:8      | Killed Harold
  6487 | D:8      | Reached skill level 5 in Invocations
  6579 | D:8      | Reached XP level 10. HP: 44/80 MP: 17/17
  7102 | D:8      | Found a shadowy altar of Dithmenos.
  7171 | D:9      | Found a hide-covered altar of Uskayaw.
  7172 | D:9      | Found a sacrificial altar of Ru.
  7433 | D:9      | Noticed a two-headed ogre
  7439 | D:9      | Killed a two-headed ogre
  7439 | D:9      | Reached skill level 5 in Short Blades
  7439 | D:9      | Reached skill level 5 in Long Blades
  7439 | D:9      | Reached skill level 5 in Maces & Flails
  7439 | D:9      | Reached skill level 5 in Polearms
  7439 | D:9      | Reached skill level 5 in Staves
  7439 | D:9      | Reached skill level 5 in Slings
  7439 | D:9      | Reached skill level 5 in Bows
  7439 | D:9      | Reached skill level 5 in Crossbows
  7439 | D:9      | Reached skill level 5 in Throwing
  7439 | D:9      | Reached skill level 5 in Dodging
  7439 | D:9      | Reached skill level 5 in Stealth
  7439 | D:9      | Reached skill level 5 in Unarmed Combat
  7439 | D:9      | Reached skill level 5 in Spellcasting
  7439 | D:9      | Reached skill level 5 in Evocations
  7735 | D:10     | Entered Level 10 of the Dungeon
  7750 | D:10     | Noticed Urug
  7760 | D:10     | Killed Urug
  7804 | D:10     | Noticed Erica
  7807 | D:10     | Killed Erica
  7963 | D:10     | Reached *** piety under Qazlal
  8185 | D:10     | Found a staircase to the Orcish Mines.
  8189 | D:10     | Reached XP level 11. HP: 87/87 MP: 19/19
  8217 | D:10     | Noticed a death yak
  8218 | D:10     | Noticed a death yak
  8219 | D:10     | Noticed a death yak
  8230 | D:10     | Killed a death yak
  8230 | D:10     | Killed a death yak
  8231 | D:10     | Killed a death yak
  8231 | D:10     | Reached skill level 5 in Conjurations
  8231 | D:10     | Reached skill level 5 in Hexes
  8231 | D:10     | Reached skill level 5 in Charms
  8231 | D:10     | Reached skill level 5 in Summonings
  8231 | D:10     | Reached skill level 5 in Necromancy
  8231 | D:10     | Reached skill level 5 in Translocations
  8231 | D:10     | Reached skill level 5 in Transmutations
  8231 | D:10     | Reached skill level 5 in Fire Magic
  8231 | D:10     | Reached skill level 5 in Ice Magic
  8231 | D:10     | Reached skill level 5 in Air Magic
  8231 | D:10     | Reached skill level 5 in Earth Magic
  8231 | D:10     | Reached skill level 5 in Poison Magic
  8232 | D:10     | Found a staircase to the Lair.
  8515 | D:10     | Found a viscous altar of Jiyva.
  8733 | D:11     | Noticed a manticore
  8745 | D:11     | Killed a manticore
  9045 | D:11     | Noticed a cyclops
  9052 | D:11     | Killed a cyclops
  9282 | D:11     | Found Cocek's Weapon Shoppe.
  9311 | D:11     | Killed an unseen horror
  9337 | D:11     | Noticed a red ugly thing
  9346 | D:11     | Killed a red ugly thing
  9501 | D:11     | Noticed a manticore
  9508 | D:11     | Killed a manticore
  9822 | D:11     | Reached **** piety under Qazlal
 10224 | D:11     | Killed an unseen horror
 10224 | D:11     | Reached XP level 12. HP: 75/96 MP: 22/22
 10415 | Lair:1   | Entered Level 1 of the Lair of Beasts
 10415 | Lair:1   | Noticed Maggie
 10422 | Lair:1   | Killed Maggie
 11716 | Lair:2   | Found a frozen archway.
 11905 | IceCv    | Entered an ice cave
 11920 | IceCv    | Reached ***** piety under Qazlal
 12422 | IceCv    | Noticed a reaper
 12432 | IceCv    | Killed a reaper
 12464 | IceCv    | Got an ichor-stained morningstar
 12543 | IceCv    | Identified the +4 morningstar of Hachuwon {holy, Int+4
                  | Dex+3} (You found it in an ice cave)
 12830 | Lair:2   | Reached skill level 10 in Fighting
 12830 | Lair:2   | Reached skill level 10 in Armour
 12830 | Lair:2   | Reached skill level 10 in Shields
 13369 | Lair:3   | Noticed Gastronok
 13417 | Lair:3   | Killed Gastronok
 13417 | Lair:3   | Reached XP level 13. HP: 74/103 MP: 24/24
 13551 | Lair:3   | Found a staircase to the Swamp.
 14027 | Lair:3   | Got a faintly glowing chain mail
 14061 | Lair:3   | Identified the +6 chain mail of Haunted Lucidity {Dex+4}
                  | (You found it on level 3 of the Lair of Beasts)
 14142 | Lair:3   | Found a staircase to the Snake Pit.
 14776 | Lair:4   | Found a gate leading to a gauntlet.
 14863 | Gauntlet | Entered a Gauntlet
 14863 | Gauntlet | Found a transporter.
 14868 | Gauntlet | Found a transporter.
 14871 | Gauntlet | Found a transporter.
 14879 | Gauntlet | Found a transporter.
 14883 | Gauntlet | Found a transporter.
 14894 | Gauntlet | Found a transporter.
 14895 | Gauntlet | Found a transporter.
 14904 | Gauntlet | Found a transporter.
 14907 | Gauntlet | Found a transporter.
 14911 | Gauntlet | Found a runed translucent door.
 14911 | Gauntlet | Found a runed translucent door.
 14915 | Gauntlet | Found a transporter.
 14938 | Gauntlet | Found a transporter.
 14950 | Gauntlet | Found a transporter.
 14962 | Gauntlet | Found a transporter.
 14974 | Gauntlet | Found a transporter.
 15547 | Gauntlet | Identified the Grimoire of Syndicalism
 15584 | Gauntlet | Identified the +0 helmet of Sihu Sat {*Corrode rElec rN+++
                  | Int-3} (You found it in a Gauntlet)
 15620 | Gauntlet | Noticed a minotaur
 15624 | Gauntlet | Killed a minotaur
 15630 | Gauntlet | Found the +0 pair of fencer's gloves {Riposte Dex+3}
 15875 | Lair:4   | Learned a level 2 spell: Searing Ray
 15959 | Lair:4   | Reached XP level 14. HP: 111/111 MP: 26/26
 16610 | Lair:5   | Reached skill level 10 in Axes
 17163 | Lair:5   | Found a viscous altar of Jiyva.
 17163 | Lair:5   | Found a staircase to the Slime Pits.
 17564 | Lair:6   | Entered Level 6 of the Lair of Beasts
 17584 | Lair:6   | Reached skill level 10 in Invocations
 18430 | Lair:6   | Found a burning altar of Makhleb.
 18444 | Lair:6   | Reached XP level 15. HP: 65/119 MP: 12/28
 18456 | Lair:6   | Found a gateway to Hell.
 18480 | Lair:6   | Got a warped spear
 18484 | Lair:6   | Identified the cursed +1 spear of the Tooth {freeze, rC+}
                  | (You found it on level 6 of the Lair of Beasts)
 19442 | Orc:1    | Entered Level 1 of the Orcish Mines
 19590 | Orc:2    | Entered Level 2 of the Orcish Mines
 19590 | Orc:2    | Found a staircase to the Elven Halls.
 20201 | Orc:2    | Found Donuobiu's Distillery.
 20201 | Orc:2    | Found Deqigim's Distillery.
 20202 | Orc:2    | Found Zur Mem's Assorted Antiques.
 20202 | Orc:2    | Found Olausuut's Antique Weapon Emporium.
 20209 | Orc:2    | Bought a potion of mutation for 120 gold pieces
 20209 | Orc:2    | Gained mutation: You are frail. (-10% HP) [potion of
                  | mutation]
 20209 | Orc:2    | Gained mutation: Your natural rate of healing is unusually
                  | fast. [potion of mutation]
 20210 | Orc:2    | Lost mutation: Your natural rate of healing is unusually
                  | fast. [potion of mutation]
 20210 | Orc:2    | Lost mutation: You are frail. (-10% HP) [potion of
                  | mutation]
 20210 | Orc:2    | Gained mutation: You are dopey. (Int -2) [potion of
                  | mutation]
 20210 | Orc:2    | Gained mutation: You have a pair of small horns on your
                  | head. [potion of mutation]
 20210 | Orc:2    | Gained mutation: Your spells are a little harder to cast,
                  | but a little more powerful. [potion of mutation]
 20212 | Orc:2    | Bought a scroll labeled JORHIM WUSKEMA for 36 gold pieces
 20212 | Orc:2    | Bought a runed brass amulet for 180 gold pieces
 20215 | Orc:2    | Bought 2 potions of resistance for 280 gold pieces
 20215 | Orc:2    | Bought a potion of heal wounds for 70 gold pieces
 20362 | Orc:2    | Found a roughly hewn altar of Beogh.
 20508 | Orc:2    | Noticed an orc warlord
 20517 | Orc:2    | Killed an orc warlord
 21200 | Swamp:1  | Entered Level 1 of the Swamp
 21230 | Swamp:1  | Reached skill level 10 in Short Blades
 21230 | Swamp:1  | Reached skill level 10 in Long Blades
 21230 | Swamp:1  | Reached skill level 10 in Maces & Flails
 21230 | Swamp:1  | Reached skill level 10 in Polearms
 21230 | Swamp:1  | Reached skill level 10 in Staves
 21230 | Swamp:1  | Reached skill level 10 in Slings
 21230 | Swamp:1  | Reached skill level 10 in Bows
 21230 | Swamp:1  | Reached skill level 10 in Crossbows
 21230 | Swamp:1  | Reached skill level 10 in Throwing
 21230 | Swamp:1  | Reached skill level 10 in Dodging
 21230 | Swamp:1  | Reached skill level 10 in Stealth
 21230 | Swamp:1  | Reached skill level 10 in Unarmed Combat
 21230 | Swamp:1  | Reached skill level 10 in Spellcasting
 21230 | Swamp:1  | Reached skill level 10 in Evocations
 22091 | Swamp:2  | Noticed a thorn hunter
 22107 | Swamp:2  | Killed from afar by a thorn hunter

Illustrated notes

Levels and vault maps discovered:
D:1:      dpeg_arrival_central, layout_basic, kennysheep_small_spiral
D:2:      layout_loops_cross
D:3:      layout_rooms, lemuel_coloured_pillars_altar, lemuel_doored_altar,
          ebering_ghost_reflecting_pool
D:4:      layout_rooms, lemuel_round_altar, minmay_between, uniq_sigmund
D:5:      layout_gridville, minmay_temple_entry_oklob, first_ration
D:6:      layout_gridville, kennysheep_little_box, uniq_blork_the_orc
D:7:      kennysheep_big_flooded_room, layout_gridville, elyvilon_altar_1,
          old_standard_altar, minitemple, lightli_ossuary_entry_decrepit_ruins
D:8:      layout_basic, lemuel_crystal_altar, kennysheep_mini, uniq_harold
D:9:      layout_roguey, chequers_temple_overflow_statue_of_worship
D:10:     layout_rooms, dpeg_lair_monsters, erik_orc_3,
          hangedman_little_slice_of_home, kennysheep_generic_room_10,
          uniq_erica, uniq_urug
D:11:     layout_grid_maze, serial_shops, shop
Temple:   dpeg_chambers_temple
Lair:1:   layout_cave_pods, grunt_megastairs_3, uniq_maggie
Lair:2:   layout_chaotic_city, portal_ice_cave_demonic_guard,
          infiniplex_staircase_pool_2
Lair:3:   layout_cave_pods, swamp_mist_pool, guppyfry_snake_entry_island,
          minmay_lair_oklob_chamber, infiniplex_staircase_pool,
          serial_bayou_shore_b, uniq_gastronok
Lair:4:   layout_regular_city, gauntlet_entry_generic
Lair:5:   layout_regular_city, slime_altar_1, cheibrodos_lair_reptile_den,
          grunt_megastairs_5
Lair:6:   evil_forest, layout_regular_city
Swamp:1:  layout_basic_swamp, serial_swamp_ruin, evilmike_swamp_ruin_house_6,
          hangedman_swamp_ruin_wall, evilmike_swamp_ruin_rubble_1
Swamp:2:  layout_basic_swamp, evilmike_swamp_ruin_house_2, uniq_jorgrun
Orc:1:    layout_diamond_mine
Orc:2:    st_orc_pillars, layout_caves, lemuel_statue_altar

Skill      XL: |  1  2  3  4  5  6  7  8  9 10 11 12 13 14 15 |
---------------+----------------------------------------------+-----
Invocations    | 1 2 3 4 5 6 7 8 9 10 11 | 11.0
Short Blades   | 1 2 3 4 5 6 7 8 9 10 | 10.2
Long Blades    | 1 2 3 4 5 6 7 8 9 10 | 10.2
Maces & Flails | 1 2 3 4 5 6 7 8 9 10 | 10.2
Polearms       | 1 2 3 4 5 6 7 8 9 10 | 10.2
Staves         | 1 2 3 4 5 6 7 8 9 10 | 10.2
Slings         | 1 2 3 4 5 6 7 8 9 10 | 10.2
Bows           | 1 2 3 4 5 6 7 8 9 10 | 10.2
Crossbows      | 1 2 3 4 5 6 7 8 9 10 | 10.2
Throwing       | 1 2 3 4 5 6 7 8 9 10 | 10.2
Dodging        | 1 2 3 4 5 6 7 8 9 10 | 10.2
Stealth        | 1 2 3 4 5 6 7 8 9 10 | 10.2
Unarmed Combat | 1 2 3 4 5 6 7 8 9 10 | 10.2
Spellcasting   | 1 2 3 4 5 6 7 8 9 10 | 10.2
Evocations     | 1 2 3 4 5 6 7 8 9 10 | 10.2
Conjurations   | 1 2 3 4 5 6 7 8 |  8.6
Hexes          | 1 2 3 4 5 6 7 8 |  8.6
Charms         | 1 2 3 4 5 6 7 8 |  8.6
Summonings     | 1 2 3 4 5 6 7 8 |  8.6
Necromancy     | 1 2 3 4 5 6 7 8 |  8.6
Translocations | 1 2 3 4 5 6 7 8 |  8.6
Transmutations | 1 2 3 4 5 6 7 8 |  8.6
Fire Magic     | 1 2 3 4 5 6 7 8 |  8.6
Ice Magic      | 1 2 3 4 5 6 7 8 |  8.6
Air Magic      | 1 2 3 4 5 6 7 8 |  8.6
Earth Magic    | 1 2 3 4 5 6 7 8 |  8.6
Poison Magic   | 1 2 3 4 5 6 7 8 |  8.6
Axes           | 5 6 7 8 9 10 11 | 11.1
Fighting       | 7 8 9 10 11 | 11.9
Armour         | 7 8 9 10 11 | 11.9
Shields        | 7 8 9 10 11 | 11.9

Action                   |  1- 3 |  4- 6 |  7- 9 | 10-12 | 13-15 || total
-------------------------+-------+-------+-------+-------+-------++-------
Melee: Whip              |    14 |       |       |       |       ||    14
       War axe           |    96 |    96 |   284 |   357 |   661 ||  1494
       Bite              |    10 |     8 |    56 |    74 |   173 ||   321
       Executioner's axe |       |       |       |     6 |       ||     6
       Morningstar       |       |       |       |     2 |     1 ||     3
       Unarmed           |       |       |       |       |    47 ||    47
       Headbutt          |       |       |       |       |    52 ||    52
Throw: Boomerang         |       |       |    26 |    95 |    29 ||   150
Invok: Elemental Force   |       |       |       |     2 |     3 ||     5
       Upheaval          |       |       |       |     1 |    12 ||    13
       Disaster Area     |       |       |       |       |     3 ||     3
Evoke: Wand              |       |     2 |     4 |    12 |    18 ||    36
  Use: Scroll            |     2 |     5 |     9 |    10 |     9 ||    35
       Potion            |       |       |     3 |     4 |     3 ||    10
 Stab: Sleeping          |       |       |     1 |       |       ||     1
       Confused          |       |       |     4 |       |       ||     4
  Eat: Chunk             |     1 |     5 |    12 |    11 |    12 ||    41
       Ration            |       |       |     1 |     4 |     4 ||     9
Armor: Scale mail        |    57 |    38 |    58 |    74 |     1 ||   228
       Chain mail        |       |       |       |       |   184 ||   184
Dodge: Dodged            |    28 |    48 |    87 |   140 |   307 ||   610
       Repelled          |       |       |       |     2 |     4 ||     6
Block: Kite shield       |    66 |    76 |   172 |   276 |   753 ||  1343
       Other             |       |       |       |     4 |       ||     4
       Rpst.: War axe    |       |       |       |       |    69 ||    69

Table legend:
 A = Non-vault XP
 B = Vault XP
 C = Vault XP percentage of total XP
 D = Non-vault monster count
 E = Vault monster count
 F = Vault count percentage of total count
                 A         B        C        D         E       F
            +---------+---------+-------+---------+---------+-------
      Total |   79156 |   43058 |  35.2 |     441 |     235 |  34.8
            +---------+---------+-------+---------+---------+-------
        D:1 |      37 |       0 |   0.0 |      18 |       0 |   0.0
        D:2 |      55 |       0 |   0.0 |      23 |       0 |   0.0
        D:3 |     201 |     121 |  37.6 |      32 |       1 |   3.0
        D:4 |     283 |     232 |  45.0 |      11 |       2 |  15.4
        D:5 |     277 |      62 |  18.3 |      14 |       1 |   6.7
        D:6 |     393 |      90 |  18.6 |       9 |       1 |  10.0
        D:7 |     398 |     200 |  33.4 |      15 |       2 |  11.8
        D:8 |    1616 |    1018 |  38.6 |      31 |       1 |   3.1
        D:9 |    1480 |       0 |   0.0 |      12 |       0 |   0.0
       D:10 |     709 |    4805 |  87.1 |       8 |      35 |  81.4
       D:11 |    6827 |       3 |   0.0 |      33 |       1 |   2.9
     Lair:1 |     747 |     860 |  53.5 |       4 |       3 |  42.9
     Lair:2 |    4748 |     623 |  11.6 |      24 |       2 |   7.7
     Lair:3 |    3997 |    4878 |  55.0 |      11 |      10 |  47.6
     Lair:4 |    9262 |       0 |   0.0 |      26 |       0 |   0.0
     Lair:5 |    9826 |     602 |   5.8 |      31 |       9 |  22.5
     Lair:6 |   13977 |    8289 |  37.2 |      40 |      26 |  39.4
    Swamp:1 |   11697 |       0 |   0.0 |      28 |       0 |   0.0
    Swamp:2 |    4866 |       0 |   0.0 |      14 |       0 |   0.0
      Orc:1 |    1680 |       0 |   0.0 |       7 |       0 |   0.0
      Orc:2 |    6080 |    9826 |  61.8 |      50 |      70 |  58.3
    Ossuary |       0 |     196 | 100.0 |       0 |      26 | 100.0
      IceCv |       0 |    4322 | 100.0 |       0 |      24 | 100.0
   Gauntlet |       0 |    6931 | 100.0 |       0 |      21 | 100.0
            +---------+---------+-------+---------+---------+-------
